 Dungeon Crawl Stone Soup version 0.27-a0-1101-ge311f74bc8 (webtiles) character file.

Game seed: 12300597036811310740

30160 rjrrt the Cleaver (level 13, -3/101 HPs)
             Began as a Demonspawn Berserker on Apr 28, 2021.
             Was a High Priest of Trog.
             Slain by a mana viper (5 damage)
             ... summoned by freelancePsychic's ghost
             ... on level 5 of the Lair of Beasts.
             The game lasted 00:33:12 (13000 turns).

rjrrt the Cleaver (Demonspawn Berserker)           Turns: 13000, Time: 00:33:12

Health: -3/101     AC: 28    Str: 21    XL:     13   Next: 19%
Magic:  1/13       EV: 14    Int:  9    God:    Trog [*****.]
Gold:   1129       SH:  0    Dex: 17    Spells: 12/12 levels left

rFire    . . .     SeeInvis +   a - +1 battleaxe (flame)
rCold    . . .     Faith    .   (shield currently unavailable)
rNeg     + . .     Spirit   .   v - +3 scale mail of Ynax {Regen+ Stlth+}
rPois    .         Reflect  .   O - +1 helmet
rElec    +         Harm     .   h - +0 cloak {rCorr}
rCorr    +         Rampage  +   d - +0 pair of gloves
Will     .....                  f - +2 pair of boots of the True Pharaoh {Rampage SInv}
Stlth    +.........             j - amulet "Jufynieto" {rElec Regen+ rCorr Dex+3}
HPRegen  2.26/turn              D - ring of positive energy
MPRegen  0.26/turn              (no ring)

@: lethally poisoned (-3 -> -4), sanguine armoured, on berserk cooldown, slowed,
very slow
A: claws 2, ignite blood 3, magic regeneration, sanguine armour 2
a: Renounce Religion, Berserk, Trog's Hand, Brothers in Arms


You were on level 5 of the Lair of Beasts.
You worshipped Trog.
Trog was extremely pleased with you.
You visited 2 branches of the dungeon, and saw 13 of its levels.

You collected 1578 gold pieces.
You spent 449 gold pieces at shops.

Inventory:

Hand Weapons
 a - a +1 battleaxe of flaming (weapon)
 b - a +1 glaive of flaming
 m - a +3 antimagic battleaxe
 M - a +3 executioner's axe of flaming
Missiles
 p - a curare-tipped dart
 q - 16 poisoned darts (quivered)
Armour
 d - a +0 pair of gloves (worn)
 f - the +2 pair of boots of the True Pharaoh (worn) {Rampage SInv}
   (You acquired it on level 7 of the Dungeon)

   It lets you see invisible.
   It bestows one free step when moving towards enemies.
 h - a +0 cloak of preservation (worn)
 v - the +3 scale mail of Ynax (worn) {Regen+ Stlth+}
   (You found it on level 7 of the Dungeon)

   It increases your rate of health regeneration.
   It makes you more stealthy.
 A - the +0 chain mail of Misits {rElec rC+ Str+3}
   (You bought it in a shop on level 6 of the Dungeon)

   It affects your strength (+3).
   It protects you from cold.
   It insulates you from electricity.
 O - a +1 helmet (worn)
Jewellery
 j - the amulet "Jufynieto" (around neck) {rElec Regen+ rCorr Dex+3}
   (You acquired it on level 3 of the Dungeon)

   [amulet of regeneration]

   It affects your dexterity (+3).
   It insulates you from electricity.
   It increases your rate of health regeneration.
   It protects you from acid and corrosion.
 D - a ring of positive energy (left hand)
 J - a ring of see invisible
Wands
 g - a wand of polymorph (9)
 o - a wand of acid (9)
 s - a wand of charming (18)
 F - a wand of digging (10)
 H - a wand of flame (15)
 I - a wand of paralysis (13)
Scrolls
 i - 4 scrolls of teleportation
 u - 6 scrolls of enchant armour
 w - 2 scrolls of fear
 y - a scroll of summoning
 B - a scroll of silence
 C - 4 scrolls of enchant weapon
 L - a scroll of magic mapping
Potions
 c - 2 potions of might
 e - 5 potions of mutation
 n - 3 potions of flight
 r - 2 potions of attraction
 x - 4 potions of curing
 z - 3 potions of lignification
 G - 4 potions of heal wounds
 N - 4 potions of haste {unknown}


   Skills:
 + Level 9.6 Fighting
 * Level 14.2 Axes
 + Level 8.6 Armour
 + Level 8.5 Dodging
 - Level 5.0 Evocations


You had 12 spell levels left.
You didn't know any spells.
Your spell library was empty.

Dungeon Overview and Level Annotations

Branches:
Dungeon (8/15)             Temple (0/1) D:4            Lair (5/6) D:8
 Shoals (0/4) Lair:3       Spider (0/4) Lair:3        Slime (0/5) Lair:5

Altars:
Cheibriados
Dithmenos
Fedhas
Gozag
Sif Muna
Trog
Xom

Shops:
D:6 :[*[[

Annotations:
D:8 5 runed translucent doors
Lair:5 freelancePsychic's ghost, journeyman DjFE


Innate Abilities, Weirdness & Mutations

You have very sharp fingernails.
Your demonic aura causes all spilled blood to erupt in flames.
You regenerate magic rapidly.
When seriously injured, your bleeding wounds create thick armour. (AC +9)


Message History

You closely miss freelancePsychic's ghost.
FreelancePsychic's ghost is severely damaged.
You barely miss the mana viper.
You hit the mana viper but do no damage.
You feel sick. The mana viper bites you!
You feel your power leaking away.
FreelancePsychic's ghost closely misses you.
The mana viper misses you.
The mana viper bites you but does no damage.
FreelancePsychic's ghost hits you!
The mana viper bites you but does no damage.
You closely miss freelancePsychic's ghost.
FreelancePsychic's ghost is severely damaged.
You hit the mana viper. You burn the mana viper.
You closely miss the mana viper.
You feel sick.
The mana viper bites you but does no damage.
The mana viper barely misses you.
FreelancePsychic's ghost hits you but does no damage.
The mana viper bites you!
* * * LOW HITPOINT WARNING * * *
You barely miss freelancePsychic's ghost.
FreelancePsychic's ghost is severely damaged.
You closely miss the mana viper.
You hit the mana viper but do no damage.
You feel sick.
You are no longer poisoned.
The mana viper barely misses you. x2; FreelancePsychic's ghost hits you!
* * * LOW HITPOINT WARNING * * *
The mana viper bites you but does no damage. x2
FreelancePsychic's ghost casts a spell at you.
The sting hits you!
You are poisoned.
* * * LOW HITPOINT WARNING * * *
The mana viper misses you.
You miss freelancePsychic's ghost.
FreelancePsychic's ghost is severely damaged.
You barely miss the mana viper. x2; You feel sick.
The mana viper bites you but does no damage.
The mana viper bites you.
You die...

#...# #..##### #...##
#P..######..# #..###
#...#...##..# ##..##
#..#....P..## ##..##
##..##......## #.....
#..#######...# #P.#..
#..#.#?#.#..### ##...P.
#..#/....#S○..# #......
##..##:...W@°.## #.#....
#P..#.!...S.○## ###...P
##..##[...'.## #..... #####
#..#.....#.# ##..#.
(...###..#.#.#.#.# ###..#.
.#...†#####################P.....
...[.#.### #....##.P#.###.>P..
?.#}##...# #................#.
######..## ######P...#.....#.#


You could see 2 mana vipers and freelancePsychic's ghost.

Vanquished Creatures
  A boulder beetle (Lair:2)
  The ghost of Wuanaecw the Cleaver, a journeyman DsDe of Nemelex Xobeh (Lair:2)
  2 catoblepae (Lair:2)
  5 hydras
  A two-headed ogre (D:8)
  Nergalle (Lair:3)
  A spectral catoblepas (Lair:5)
  A spectral death yak (Lair:5)
  Pikel (D:4)
  An oklob plant (Lair:3)
  A manticore (Lair:3)
  6 black mambas
  An elephant (Lair:2)
  A moth of wrath (Lair:2)
  A torpor snail (Lair:5)
  10 cane toads
  Maggie (D:7)
  6 rime drakes
  2 komodo dragons
  A wind drake (Lair:3)
  A jumping spider (Lair:3)
  5 blink frogs (Lair:5)
  A spectral dream sheep (Lair:5)
  5 dream sheep (Lair:4)
  Sigmund (D:6)
  A wyvern (Lair:2)
  7 yaks
  4 basilisks
  A steam dragon (D:6)
  Menkaure (D:5)
  A hydra simulacrum (Lair:5)
  11 water moccasins
  3 sky beasts
  3 black bears
  3 orc warriors
  A black mamba simulacrum (Lair:5)
  2 necrophages
  9 ogres
  8 wolves
  A centaur (D:7)
  A phantom (D:4)
  4 kobold brigands
  11 bullfrogs
  A gnoll sergeant (D:8)
  3 scorpions (D:6)
  A water moccasin zombie (D:4)
  8 killer bees
  4 wights (D:8)
  4 electric eels
  A howler monkey (D:6)
  A torpor snail simulacrum (Lair:5)
  11 jellies (Lair:5)
  3 centaur zombies
  6 hounds
  Crazy Yiuf (D:2)
  4 orc priests
  4 bullfrog skeletons
  3 iguanas
  3 centaur skeletons
  Jessica (D:2)
  3 orc wizards
  A scorpion zombie (D:4)
  12 hell rats
  2 howler monkey zombies
  Robin (D:3)
  11 gnolls
  A howler monkey skeleton (D:5)
  7 adders
  16 river rats (Lair:3)
  3 shadow imps (D:6)
  5 white imps
  3 adder skeletons (D:4)
  2 adder zombies (D:4)
  3 worms
  A dart slug (D:4)
  28 orcs
  12 endoplasms
  2 giant cockroaches
  14 hobgoblins
  4 jackals (D:4)
  11 quokkas
  4 ball pythons
  8 bats
  2 frilled lizards
  17 goblins
  39 kobolds
  19 rats
420 creatures vanquished.

Vanquished Creatures (others)
  5 dream sheep (D:6)
  A rat (Lair:3)
  A bush (Lair:4)
  5 fungi
  16 plants
28 creatures vanquished.

Grand Total: 448 creatures vanquished

Notes
Turn   | Place    | Note
-------+----------+-------------------------------------------
     0 | D:1      | rjrrt the Demonspawn Berserker began the quest for the Orb.
     0 | D:1      | Reached XP level 1. HP: 18/18 MP: 1/1
    47 | D:1      | Reached skill level 3 in Axes
   520 | D:1      | Gained mutation: Your demonic aura sometimes causes spilled
                  | blood to erupt in flames [demonic ancestry]
   520 | D:1      | Reached XP level 2. HP: 24/24 MP: 2/2
  1178 | D:1      | Gained mutation: You have sharp fingernails. [demonic
                  | ancestry]
  1178 | D:1      | Reached XP level 3. HP: 29/29 MP: 3/3
  1409 | D:2      | Reached ** piety under Trog
  1566 | D:2      | Found a shimmering blue altar of Sif Muna.
  1614 | D:2      | Reached skill level 4 in Axes
  1657 | D:2      | Noticed Jessica
  1665 | D:2      | Killed Jessica
  1949 | D:2      | Found a runed translucent door.
  1950 | D:2      | Noticed Crazy Yiuf
  1960 | D:2      | Killed Crazy Yiuf
  1961 | D:2      | Reached XP level 4. HP: 24/35 MP: 4/4
  2469 | D:3      | Identified a scroll of acquirement
  2469 | D:3      | Acquired the amulet "Jufynieto" {rElec Regen+ rCorr Dex+3}
  2499 | D:3      | Noticed a sky beast
  2533 | D:3      | Killed a sky beast
  2534 | D:3      | Reached skill level 5 in Axes
  2534 | D:3      | Gained mutation: When seriously injured, your bleeding
                  | wounds create armour. (AC +9) [demonic ancestry]
  2534 | D:3      | Reached XP level 5. HP: 30/41 MP: 5/5
  2686 | D:3      | Found a faded altar of an unknown god.
  2915 | D:3      | Noticed Robin
  2921 | D:3      | Reached skill level 6 in Axes
  2932 | D:3      | Killed Robin
  3155 | D:4      | Reached XP level 6. HP: 47/47 MP: 6/6
  3182 | D:4      | Reached skill level 7 in Axes
  3186 | D:4      | Gained mutation: When seriously injured, your bleeding
                  | wounds create thick armour. (AC +9) [demonic ancestry]
  3186 | D:4      | Reached XP level 7. HP: 52/52 MP: 7/7
  3197 | D:4      | Found a staircase to the Ecumenical Temple.
  3219 | D:4      | Reached *** piety under Trog
  3264 | D:4      | Noticed Pikel
  3283 | D:4      | Killed Pikel
  3284 | D:4      | Reached skill level 8 in Axes
  3371 | D:4      | Reached skill level 9 in Axes
  3371 | D:4      | Gained mutation: Your demonic aura often causes spilled
                  | blood to erupt in flames [demonic ancestry]
  3371 | D:4      | Reached XP level 8. HP: 56/58 MP: 8/8
  3582 | D:4      | Found a snail-covered altar of Cheibriados.
  3956 | D:4      | Reached **** piety under Trog
  3977 | D:4      | Reached skill level 1 in Evocations
  4548 | D:5      | Entered Level 5 of the Dungeon
  4551 | D:5      | Found a bloodstained altar of Trog.
  4635 | D:5      | Noticed Menkaure
  4643 | D:5      | Killed Menkaure
  4734 | D:5      | Reached ***** piety under Trog
  4961 | D:5      | Gained mutation: Your demonic aura causes all spilled blood
                  | to erupt in flames. [demonic ancestry]
  4961 | D:5      | Reached XP level 9. HP: 60/65 MP: 9/9
  5386 | D:6      | Reached skill level 10 in Axes
  5394 | D:6      | Found Biaq Ang's Antique Armour Emporium.
  5406 | D:6      | Found Dong's Assorted Antiques.
  5413 | D:6      | Found an opulent altar of Gozag.
  5415 | D:6      | Bought a pair of embroidered boots for 202 gold pieces
  5500 | D:6      | Found Ziesupt's Book Shop.
  5545 | D:6      | Found Lenteczona's Armour Emporium.
  5675 | D:6      | Found a shimmering altar of Xom.
  5718 | D:6      | Found Nex Zab's Armour Shoppe.
  5720 | D:6      | Noticed Sigmund
  5732 | D:6      | Killed Sigmund
  5849 | D:6      | Reached skill level 5 in Fighting
  6170 | D:6      | Bought a smoking chain mail for 247 gold pieces
  6170 | D:6      | Identified the +0 chain mail of Misits {rElec rC+ Str+3}
                  | (You bought it in a shop on level 6 of the Dungeon)
  6373 | D:7      | Found a shadowy altar of Dithmenos.
  6385 | D:7      | Gained mutation: You have very sharp fingernails. [demonic
                  | ancestry]
  6385 | D:7      | Reached XP level 10. HP: 74/74 MP: 10/10
  6403 | D:7      | Acquired the +2 pair of boots of the True Pharaoh {Rampage
                  | SInv}
  6431 | D:7      | Noticed Maggie
  6448 | D:7      | Killed Maggie
  6642 | D:7      | Received a gift from Trog
  6653 | D:7      | Identified the +3 scale mail of Ynax {Regen+ Stlth+}
  7262 | D:8      | Reached skill level 11 in Axes
  7600 | D:8      | Found a runed translucent door.
  7604 | D:8      | Found a runed translucent gate.
  7605 | D:8      | Found a runed translucent gate.
  7610 | D:8      | Found the +9 staff of Olgreb {rPois∞}
  7616 | D:8      | Found a runed translucent door.
  7647 | D:8      | Found a runed translucent gate.
  7694 | D:8      | Found a staircase to the Lair.
  7695 | D:8      | Noticed a two-headed ogre
  7735 | D:8      | Killed a two-headed ogre
  7736 | D:8      | Reached skill level 5 in Armour
  7736 | D:8      | Reached skill level 5 in Dodging
  7736 | D:8      | Reached skill level 5 in Evocations
  8104 | D:8      | Found a blossoming altar of Fedhas.
  8309 | Lair:1   | Entered Level 1 of the Lair of Beasts
  8484 | Lair:1   | Noticed a cane toad
  8488 | Lair:1   | Killed a cane toad
  8543 | Lair:1   | Noticed a black mamba
  8553 | Lair:1   | Killed a black mamba
  8554 | Lair:1   | Reached XP level 11. HP: 42/83 MP: 3/11
  9114 | Lair:2   | Noticed a boulder beetle
  9133 | Lair:2   | Killed a boulder beetle
  9134 | Lair:2   | Reached skill level 12 in Axes
  9162 | Lair:2   | Noticed a catoblepas
  9176 | Lair:2   | Killed a catoblepas
  9224 | Lair:2   | Found a transporter.
  9371 | Lair:2   | Noticed Wuanaecw's ghost (journeyman DsDe)
  9399 | Lair:2   | Found a transporter.
  9840 | Lair:2   | Noticed a catoblepas
  9848 | Lair:2   | Killed a catoblepas
  9926 | Lair:2   | Killed Wuanaecw's ghost
  9949 | Lair:2   | Identified the -3 helmet of Wu Jian's Castigation {rF-
                  | Regen+ Int+6 Dex+2}
 10152 | Lair:3   | Noticed Nergalle
 10153 | Lair:3   | You fall into a shaft and drop 2 floors!
 10178 | Lair:5   | Reached XP level 12. HP: 74/92 MP: 12/12
 10228 | Lair:5   | Received a gift from Trog
 10285 | Lair:5   | Found a runed translucent gate.
 10285 | Lair:5   | Found a runed translucent gate.
 10285 | Lair:5   | Found a runed translucent gate.
 10289 | Lair:5   | Noticed freelancePsychic's ghost (journeyman DjFE)
 10348 | Lair:5   | Found a staircase to the Slime Pits.
 10368 | Lair:5   | Reached skill level 13 in Axes
 10630 | Lair:3   | Killed Nergalle
 10762 | Lair:3   | Noticed a six-headed hydra
 10767 | Lair:3   | Killed a four-headed hydra
 10847 | Lair:3   | Noticed a six-headed hydra
 10853 | Lair:3   | Killed a four-headed hydra
 10961 | Lair:3   | Found a hole to the Spider Nest.
 11330 | Lair:3   | Found a staircase to the Shoals.
 11363 | Lair:3   | Received a gift from Trog
 11759 | Lair:4   | Noticed a four-headed hydra
 11763 | Lair:4   | Killed a three-headed hydra
 11875 | Lair:4   | Noticed a five-headed hydra
 11881 | Lair:4   | Killed a one-headed hydra
 12274 | Lair:5   | Reached skill level 14 in Axes
 12274 | Lair:5   | Gained mutation: You regenerate magic rapidly. [demonic
                  | ancestry]
 12274 | Lair:5   | Reached XP level 13. HP: 101/101 MP: 13/13
 12584 | Lair:5   | Found a runed translucent door.
 12999 | Lair:5   | HP: 1/101 [freelancePsychic's ghost/sting (10)]
 13000 | Lair:5   | Slain by a mana viper

Illustrated notes

Levels and vault maps discovered:
D:1:      ncdulo_wetmaze, layout_basic
D:2:      layout_basic, basic_altar, uniq_jessica, uniq_crazy_yiuf_cottage
D:3:      layout_basic, hellmonk_ecumenical_altar_inner_sanctum,
          small_statue_intersection, uniq_robin
D:4:      minmay_goblin_kobold_castle, layout_basic, amcnicky_altar_gilded,
          minmay_temple_entry_trees, serial_undead, serial_undead_a,
          serial_undead_b, serial_undead_b, serial_undead_a,
          corexii_leaking_fountain, uniq_pikel
D:5:      layout_basic, general_overflow_altar, uniq_menkaure
D:6:      minmay_polygon_palace, layout_rooms, lemuel_round_altar,
          kb_xom_exploding_sheep, serial_shops, shop, nicolae_shop_stone,
          shop_statue, shop_fountains, shop, uniq_sigmund
D:7:      wad_lake_hut, layout_rooms, grunt_dithmenos_smoke,
          minmay_misc_feat_doors, uniq_maggie
D:8:      layout_loops_corners, fedhas_altar_fruit_tree, david_lair_shrubbed,
          minmay_guarded_unrand_staff_of_olgreb
Lair:1:   layout_gridlike
Lair:2:   layout_regular_city, gammafunk_ghost_berserking_beasts,
          hibernation_bobbens
Lair:3:   lemuel_ratsnest, layout_cave_pods, minmay_shoals_entry_beasts,
          spider_nest_entry_funnel_web, infiniplex_staircase_pool,
          grunt_megastairs_2, uniq_nergalle
Lair:4:   layout_loops_ring, chequers_serial_rivers_micro_c
Lair:5:   layout_loops_ring, minmay_slime_entry_jelly_boxes,
          gammafunk_ghost_necromancy, pf_torpor_hydra, serial_bayou_shore_b

Skill      XL: |  1  2  3  4  5  6  7  8  9 10 11 12 |
---------------+-------------------------------------+-----
Axes           | 3 4 5 6 7 9 10 11 12 14 | 14.2
Armour         | 3 4 5 7 8 |  8.6
Dodging        | 3 4 5 7 8 |  8.5
Evocations     | 2 4 5 |  5.0
Fighting       | 4 5 6 8 9 |  9.6

Action                   |  1- 3 |  4- 6 |  7- 9 | 10-12 | 13-15 || total
-------------------------+-------+-------+-------+-------+-------++-------
Melee: Hand axe          |   102 |   125 |   529 |    53 |       ||   809
       Battleaxe         |       |       |       |   318 |    47 ||   365
       Broad axe         |       |       |       |    89 |       ||    89
       Glaive            |       |       |       |     5 |       ||     5
Throw: Dart              |       |       |     4 |     2 |       ||     6
Invok: Berserk           |     3 |     2 |     6 |     3 |     1 ||    15
       Trog's Hand       |       |       |     1 |       |       ||     1
Evoke: Wand              |       |       |       |     1 |       ||     1
  Use: Scroll            |     6 |     4 |     7 |     9 |       ||    26
       Potion            |       |       |       |     1 |       ||     1
 Stab: Sleeping          |       |       |       |     1 |       ||     1
Armor: Animal skin       |     2 |       |       |       |       ||     2
       Scale mail        |    25 |       |       |   161 |    38 ||   224
       Chain mail        |     4 |    74 |   284 |    29 |       ||   391
Dodge: Dodged            |    49 |    27 |   184 |   291 |    41 ||   592

Table legend: (Time is in decaauts)
 A = Elapsed time spent in this place.
 B = Non-inter-level travel time spent in this place.
 C = Inter-level travel time spent in this place.
 D = Time resting spent in this place.
 E = Time spent auto-exploring this place.
 F = Levels seen in this place.
 G = Mean time per level.
                   A        B        C        D        E       F      G
               +--------+--------+--------+--------+--------+-----+--------+
         Total |  13121 |  12775 |    346 |    442 |   9402 |  13 | 1009.3 |
       Dungeon |   8408 |   8192 |    216 |    348 |   5715 |   8 | 1051.0 |
          Lair |   4713 |   4583 |    130 |     94 |   3687 |   5 |  942.6 |
               +--------+--------+--------+--------+--------+-----+--------+

Top non-repeatable levels by time:
     D:4: 1507 daAuts
     D:1: 1411 daAuts
  Lair:3: 1241 daAuts
     D:8: 1135 daAuts
  Lair:2: 1065 daAuts
  Lair:5: 1054 daAuts
     D:7: 1016 daAuts
     D:2: 1001 daAuts
     D:6: 917 daAuts
     D:5: 742 daAuts
  Lair:1: 702 daAuts
     D:3: 676 daAuts
  Lair:4: 649 daAuts
